 Dungeon Crawl Stone Soup version 0.19.1 (webtiles) character file.

106 M4edhros the Insei (level 4, -2/27 HPs)
             Began as an Octopode Necromancer on Dec 26, 2016.
             Slain by Eustachio
             ... wielding a +4 vampiric rapier
              (12 damage)
             ... on level 4 of the Dungeon.
             The game lasted 00:03:57 (984 turns).

M4edhros the Insei (Octopode Necromancer)            Turns: 984, Time: 00:03:57

Health: -2/27      AC:  1    Str:  7    XL:     4   Next: 84%
Magic:  7/7        EV: 13    Int: 22    God:
Gold:   148        SH:  0    Dex: 13    Spells: 3 memorised, 2 levels left

rFire  . . .     SeeInvis .       - Unarmed
rCold  . . .     Gourm    .     (no shield)
rNeg   . . .     Faith    .     (helmet restricted)
rPois  .         Spirit   .     (no amulet)
rElec  .         Reflect  .     (no ring)
rCorr  .         Harm     .     (no ring)
MR     .....                    (no ring)
Stlth  +++.......               (no ring)
                                (no ring)
                                (no ring)
                                (no ring)
                                (no ring)

@: brilliant, flying
A: almost no armour, stealthy swim, amphibious, 8 rings, constrict 8, camouflage
1, gelatinous body 1
a: no special abilities


You were on level 4 of the Dungeon.
You were not hungry.

You visited 1 branch of the dungeon, and saw 5 of its levels.

You collected 148 gold pieces.

Inventory:

Missiles
 e - 2 tomahawks (quivered)
Scrolls
 c - 3 scrolls of remove curse {unknown}
 d - 4 scrolls of identify {unknown}
 h - a scroll of fog {unknown}
 i - 3 scrolls of recharging {unknown}
 j - a scroll of enchant weapon {unknown}
 l - a scroll of noise {unknown}
 n - 2 scrolls of random uselessness {unknown}
Books
 a - a book of Necromancy

   Spells                             Type                      Level
   a - Pain                           Necromancy                   1
   b - Animate Skeleton               Necromancy                   1
   c - Vampiric Draining              Necromancy                   3
   d - Regeneration                   Charms/Necromancy            3
   e - Animate Dead                   Necromancy                   4
   f - Control Undead                 Necromancy                   4
Comestibles
 b - a bread ration
 f - 2 slices of pizza
 g - 2 chunks of flesh
 m - a beef jerky
 q - a meat ration


   Skills:
 - Level 2.0 Dodging
 - Level 2.6 Stealth
 + Level 4.2 Unarmed Combat
 - Level 2.0 Spellcasting
 - Level 4.0 Necromancy


You had 2 spell levels left.
You knew the following spells:

 Your Spells              Type           Power        Failure   Level  Hunger
a - Pain                  Necr           ####         1%          1    #......
b - Animate Skeleton      Necr           N/A          1%          1    #......
c - Regeneration          Chrm/Necr      ###.......   2%          3    ###....


Dungeon Overview and Level Annotations

Branches:
Dungeon (5/15)
 Temple: D:4-7

Altars:

Annotations:
D:4 Eustachio


Innate Abilities, Weirdness & Mutations

You cannot wear most types of armour.
You are very stealthy in the water. (Stealth+)
You are amphibious.
You can wear up to eight rings at the same time.
You can use your tentacles to constrict eight enemies at once.
Your skin changes colour to match your surroundings (Stealth+).
Your rubbery body absorbs attacks. (AC +1, EV +1)


Message History

You tentacle-slap Eustachio but do no damage.
Eustachio is moderately wounded.
You constrict Eustachio. The bat completely misses you.
Eustachio asks, "How can you live without manners, virtues and honour?"
Eustachio hits you with a vampiric rapier!
You barely miss Eustachio.
Eustachio is moderately wounded.
You constrict Eustachio. The bat hits you. The bat misses you.
Eustachio hits you with a vampiric rapier.
Eustachio draws strength from your wounds!
It was a potion of flight.
You feel very buoyant.
You fly up into the air.
You constrict Eustachio. The bat misses you. The bat barely misses you.
Eustachio hits you but does no damage.
It was a potion of brilliance.
You feel clever all of a sudden.
You constrict Eustachio. The bat barely misses you.
The bat hits you but does no damage.
Eustachio hits you with a vampiric rapier!
You die...

########.#########
#.........#
#########.# #.#
#.# ####.#
########>##.####.#
#.b..............#
#@####.#....######
#@# ##...### #l#
##.## #b# #.# #.#
#.# ... #.# ...
..# ... ####


You could see Eustachio, a leopard gecko and 2 bats.

Vanquished Creatures
  A bullfrog skeleton (D:4)
  4 adders
  2 dart slugs (D:1)
  A leopard gecko (D:3)
  4 giant cockroaches
  3 goblins
  3 hobgoblins
  3 kobolds
  A quokka (D:3)
  4 bats
  A frilled lizard (D:2)
  11 rats
38 creatures vanquished.

Vanquished Creatures (collateral kills)
  A dart slug (D:2)
  A goblin (D:3)
2 creatures vanquished.

Grand Total: 40 creatures vanquished

Notes
Turn   | Place    | Note
-------+----------+-------------------------------------------
     0 | D:1      | M4edhros the Octopode Necromancer began the quest for the Orb.
     0 | D:1      | Reached XP level 1. HP: 11/11 MP: 3/3
    87 | D:1      | Reached skill level 1 in Unarmed Combat
    93 | D:1      | Learned a level 1 spell: Animate Skeleton
   161 | D:1      | Reached XP level 2. HP: 8/17 MP: 5/5
   427 | D:2      | Reached XP level 3. HP: 4/21 MP: 2/6
   432 | D:2      | Learned a level 3 spell: Regeneration
   656 | D:3      | Reached XP level 4. HP: 21/27 MP: 7/7
   967 | D:5      | Entered Level 5 of the Dungeon
   967 | D:5      | Noticed a sky beast
   975 | D:4      | Noticed Eustachio
   984 | D:4      | Slain by Eustachio

Skill      XL: |  1  2  3  4 |
---------------+-------------+-----
Unarmed Combat | 1 2 3 4 |  4.2
Dodging        | |  2.0
Stealth        | |  2.6
Spellcasting   | |  2.0
Necromancy     | |  4.0

Action                   |  1- 3 |  4- 6 || total
-------------------------+-------+-------++-------
Melee: Unarmed           |    46 |    34 ||    80
       Constrict         |    12 |     8 ||    20
       Tentacles         |     5 |     2 ||     7
       Punch             |       |     1 ||     1
 Cast: Pain              |    19 |       ||    19
       Animate Skeleton  |     2 |     1 ||     3
       Regeneration      |     4 |     1 ||     5
  Use: Potion            |       |     4 ||     4
 Stab: Sleeping          |     3 |     4 ||     7
  Eat: Chunk             |       |     1 ||     1
Armor: Skin              |     2 |     3 ||     5
Dodge: Dodged            |    37 |    30 ||    67
